Map: Moondance

Players

DoshinPoghin - Winner!

  • Race: Terran Terran
  • Spawn Location: 6:00

Micfetzer

  • Race: Zerg Zerg
  • League: Diamond
  • Spawn Location: 12:00

VOD

Have the link to the VOD?

Description

ZVT moondance, Terran win

Time

  • Played on: Nov. 14, 2022, 3:54 p.m.
  • Length: 12:13
Show
View Real Time Build Order
Export as new Build Order

DoshinPoghin Terran - Winner!

Build Orders: Reaper Expand 

Get SALT Encoding   

  12  0:01  SCV  
  13  0:13  SCV  
  14  0:18  Supply Depot  
  14  0:25  SCV  
  15  0:40  SCV  
  15  0:41  Barracks  
  16  0:45  Refinery  
  16  0:52  SCV  
  17  1:04  SCV  
  18  1:16  SCV  
  19  1:28  Orbital Command  
  19  1:29  Reaper  
  20  1:46  Command Center  
  20  1:55  SCV  
  21  2:01  Barracks  
  21  2:09  Barracks Reactor  
  21  2:11  SCV  
  21  2:12  Supply Depot  
  22  2:23  SCV  
  22  2:25  Refinery  
  23  2:34  Factory  
  23  2:35  SCV  
  24  2:48  SCV, Marine x2  
  27  2:53  Barracks Tech Lab  
  27  2:58  Orbital Command  
  27  3:04  SCV  
  28  3:09  Marine x2  
  28  3:11  Stimpack  
  30  3:16  SCV  
  31  3:25  SCV, Factory Reactor  
  32  3:28  SCV, Starport  
  32  3:30  Marine x2  
  32  3:33  Marine  
  36  3:37  SCV  
  36  3:40  SCV  
  38  3:48  Marine x2  
  39  3:49  SCV  
  39  3:50  Supply Depot  
  39  3:51  Marine  
  39  3:53  Supply Depot  
  42  4:06  Marine x2  
  42  4:07  SCV x2  
  46  4:12  Marine, Medivac x2  
  46  4:16  Supply Depot  
  51  4:19  SCV  
  51  4:20  SCV  
  51  4:21  Supply Depot  
  53  4:26  Marine  
  53  4:27  Supply Depot  
  53  4:28  Marine  
  53  4:30  Marine  
  56  4:32  SCV  
  56  4:34  SCV  
  58  4:44  SCV  
  59  4:45  Supply Depot  
  59  4:53  Marine x3  
  59  4:54  Combat Shield  
  59  4:56  Medivac  
  59  4:59  SCV x2  
  66  5:08  Supply Depot  
  66  5:10  Liberator  
  66  5:11  Marine x2, SCV x2  
  66  5:37  Marine x3  
  68  5:55  Marine  
  68  5:56  Marine  
  68  5:57  Marine  
  66  6:00  Engineering Bay  
  66  6:01  Factory Reactor  
  66  6:02  Liberator, Barracks, Engineering Bay  
  66  6:03  Barracks  
  66  6:04  Refinery, SCV, Barracks  
  71  6:05  Refinery  
  71  6:08  SCV  
  72  6:12  Marine  
  72  6:14  Command Center  
  72  6:16  SCV  
  74  6:20  Armory  
  74  6:21  SCV  
  75  6:28  SCV  
  76  6:33  SCV  
  76  6:36  Marine x3  
  80  6:40  SCV  
  80  6:44  Widow Mine x2  
  81  7:06  Marine x2  
  75  7:17  Marine  
  75  7:18  Concussive Shells  
  75  7:20  Marine, Terran Infantry Armor Level 1, Terran Infantry Weapons Level 1  
  75  7:21  Marine x2  
  75  7:22  SCV x2  
  81  7:24  Marine x2, Widow Mine  
  81  7:25  Widow Mine, Medivac  
  90  7:30  Orbital Command  
  90  7:34  SCV  
  90  7:35  SCV, Marine  
  90  7:36  Barracks  
  92  7:37  Barracks  
  92  7:38  Barracks  
  92  7:45  Barracks Reactor  
  92  7:51  Widow Mine  
  92  7:52  Widow Mine  
  92  7:53  Barracks Reactor x2  
  92  7:55  SCV x2  
  92  7:56  Factory  
  98  8:00  Marine x2  
  98  8:01  Marauder  
  98  8:04  SCV  
  103  8:07  SCV x2  
  103  8:08  Supply Depot  
  103  8:10  Supply Depot  
  105  8:16  SCV  
  105  8:19  SCV  
  99  8:32  Marine  
  99  8:33  Marine x5, Marauder  
  95  8:39  Marine x2  
  97  8:42  Factory Tech Lab  
  97  8:43  Widow Mine  
  97  8:44  Widow Mine  
  97  8:45  Marine x2  
  97  8:46  Marine  
  104  8:48  SCV  
  104  8:50  Marine x3  
  104  8:51  Marine x3  
  104  8:54  Marauder  
  111  9:06  Marine  
  111  9:09  Marine x3  
  114  9:10  Marine x7  
  114  9:16  Marauder  
  124  9:24  Marine  
  124  9:25  Liberator x2  
  124  9:26  Terran Infantry Weapons Level 2  
  124  9:27  Terran Infantry Armor Level 2, Marine x2  
  124  9:30  Command Center  
  133  9:33  Marine x2, SCV  
  133  9:37  Marauder  
  136  9:53  Marine x2  
  136  9:56  Widow Mine x3  
  136  9:58  Marine, Marauder  
  147  10:05  Barracks Tech Lab  
  147  10:06  Ghost Academy  
  147  10:07  Barracks Tech Lab, Command Center  
  147  10:08  Barracks Tech Lab, Medivac  
  149  10:20  Marauder  
  119  10:37  Widow Mine x3, Liberator  
  119  10:38  Medivac  
  119  10:39  Marine x2, Marauder  
  119  10:40  Marauder  
  119  10:42  Marauder  
  135  10:47  Marine x2  
  135  10:48  Marine x4, Marauder  
  135  10:49  SCV  
  144  10:50  Orbital Command  
  144  10:57  Marine x2  
  144  10:58  Widow Mine  
  144  11:01  Marauder x2  
  144  11:03  Marauder  
  154  11:05  Marine  
  146  11:27  Marine x2, Marauder  
  146  11:28  Marine x2  
  146  11:29  Marine x6, Marauder  
  160  11:44  Marine  
  160  11:45  Marine, SCV  
  160  11:46  Marine x5  
  160  11:47  Marine, Marauder x2, Supply Depot  
  167  11:48  Marauder, Supply Depot x2  
  167  11:49  Marine  
Show
View Real Time Build Order
Export as new Build Order

Micfetzer Zerg 

Build Orders: Hatch First 

Get SALT Encoding   

  12  0:09  Overlord  
  12  0:13  Drone  
  13  0:21  Drone  
  14  0:32  Drone x2  
  16  0:50  Hatchery  
  16  0:52  Drone  
  16  0:56  Drone  
  17  1:04  Drone  
  17  1:10  Extractor  
  17  1:15  Spawning Pool  
  17  1:17  Drone  
  17  1:25  Drone  
  18  1:36  Drone  
  19  1:46  Overlord  
  19  2:01  Queen x2  
  19  2:02  Zergling x4  
  25  2:08  Drone  
  25  2:11  Metabolic Boost  
  25  2:12  Drone  
  27  2:24  Drone x2  
  29  2:42  Hatchery  
  29  2:43  Queen  
  30  2:51  Pneumatized Carapace  
  30  2:55  Overlord  
  30  3:00  Drone x2  
  30  3:02  Drone  
  33  3:08  Drone x2  
  33  3:10  Drone  
  36  3:16  Overlord  
  36  3:17  Drone  
  37  3:24  Queen  
  39  3:37  Drone x3  
  42  3:46  Drone x6  
  48  4:05  Queen, Drone  
  48  4:06  Drone x4  
  55  4:19  Drone, Extractor  
  55  4:20  Drone, Extractor  
  55  4:21  Drone x2  
  55  4:22  Drone  
  55  4:23  Overlord  
  58  4:24  Overlord  
  58  4:25  Overlord  
  58  4:43  Drone x3  
  61  4:48  Lair  
  61  4:50  Zergling x6  
  61  4:51  Zergling x14  
  71  4:54  Drone  
  71  4:59  Hatchery  
  71  5:08  Zergling x8  
  75  5:18  Overlord  
  75  5:19  Overlord x3, Drone, Baneling Nest  
  61  5:31  Zergling x18  
  65  5:44  Zergling x6  
  66  5:56  Queen x2  
  66  5:58  Queen  
  66  6:01  Drone x3  
  66  6:02  Drone x2  
  75  6:05  Drone x2  
  75  6:10  Evolution Chamber x2  
  75  6:11  Drone x2  
  76  6:12  Drone, Hydralisk Den  
  76  6:13  Drone, Infestation Pit  
  76  6:17  Queen  
  79  6:27  Centrifugal Hooks  
  79  6:28  Baneling x8  
  79  6:29  Baneling x2  
  73  6:53  Drone x5  
  75  6:54  Drone x3  
  75  6:56  Zerg Ground Armor Level 1, Zerg Melee Weapons Level 1  
  75  7:00  Zergling x14  
  69  7:10  Queen  
  70  7:17  Zergling x22  
  81  7:25  Drone  
  81  7:26  Drone x2  
  81  7:29  Drone x2  
  86  7:33  Drone  
  87  7:39  Baneling x10  
  87  7:47  Drone  
  87  7:48  Drone  
  89  7:51  Spore Crawler  
  89  7:53  Spore Crawler  
  89  7:56  Drone  
  89  7:57  Drone x8  
  96  7:58  Overlord x2  
  96  8:00  Overlord  
  94  8:22  Extractor  
  73  8:37  Overseer x2  
  73  8:38  Zergling x8  
  73  8:39  Zergling x22  
  78  9:12  Queen x4  
  84  9:19  Zergling x16  
  84  9:20  Zergling x6  
  96  9:32  Hatchery  
  96  9:34  Zerg Ground Armor Level 2, Zerg Melee Weapons Level 2  
  77  9:46  Zergling x12  
  77  9:48  Baneling x13  
  77  9:49  Baneling x10  
  81  9:57  Zergling x24  
  93  10:11  Zergling x6  
  96  10:15  Hive  
  72  10:45  Drone  
  72  10:46  Queen  
  75  10:54  Drone x10  
  75  10:55  Drone x5  
  89  10:59  Zergling x14  
  89  11:00  Hatchery  
  89  11:01  Baneling x12  
  87  11:20  Zergling x2  
  87  11:21  Zergling x20  
  81  11:31  Zergling x12  
  74  11:39  Zergling x12  
  74  11:45  Zergling x4  
  71  11:53  Zergling x2  
  71  11:54  Zergling x10  
Tags
 
Add a new tag
Caveats
  • Supply blocks, unpowered buildings, or Contaminate may cause inaccurate times.
  • Supply counts are checked every 10 seconds.